 Dungeon Crawl Stone Soup version 0.29-a0-283-ga02f740833 (webtiles) character file.

Game seed: 12220801376415376601

12147 Dabor the Envoy of Void (level 12, 0/142 HPs)
             Began as a Formicid Abyssal Knight on Mar 13, 2022.
             Was a High Priest of Lugonu.
             Slain by a blink frog (10 damage)
             ... on level 1 of the Abyss.
             The game lasted 00:25:27 (9614 turns).

Dabor the Envoy of Void (Formicid Abyssal Knight)   Turns: 9614, Time: 00:25:27

Health: 0/142      AC: 26    Str: 33    XL:     12   Next: 16%
Magic:  11/18      EV:  2    Int: 10    God:    Lugonu [*****.]
Gold:   648        SH:  0    Dex: 11    Spells: 11/11 levels left

rFire   + . .      SeeInvis .   N - +4 halberd (flame)
rCold   x . .      Faith    .   (no shield)
rNeg    . . .      Spirit   .   (body armour currently unavailable)
rPois   +          Reflect  .   (helmet unavailable)
rElec   +          Harm     .   (cloak currently unavailable)
rCorr   .          Rampage  .   (gloves currently unavailable)
Will    +....                   (boots currently unavailable)
Stlth   +.........              (no amulet)
HPRegen 0.33/turn               M - +6 ring of strength
MPRegen 0.16/turn               n - ring "Forget-Me-Not" {rElec rF+ rC- Str+4}

@: mighty, tree-form (expiring), attractive
A: stationary, stasis, torment immunity, boosted hp, permanent stasis, dig
shafts and tunnels, (antennae 3), four strong arms, (electricity resistance),
MP-powered wands
a: Renounce Religion, Depart the Abyss, Bend Space, Banish, Corrupt, Enter the
Abyss


You were on level 1 of the Abyss.
You worshipped Lugonu.
Lugonu was extremely pleased with you.
You were a tree.
You visited 1 branch of the dungeon, and saw 11 of its levels.
You visited the Abyss 2 times.
You also visited: Ossuary.

You collected 648 gold pieces.

Inventory:

Hand Weapons
 a - a +1 spear of chaos
 J - a +4 vampiric spear
 N - a +4 halberd of flaming (weapon)
Missiles
 c - 6 silver javelins
 K - 6 atropa-tipped darts
 R - 3 curare-tipped darts
 S - 5 throwing nets
Armour
 f - a +0 scale mail
 j - the +4 chain mail of Teyregia {rElec rF- rN+ Will+++}
   (You took it off an orc warrior on level 10 of the Dungeon)

   rF:        It makes you vulnerable to fire.
   rElec:     It insulates you from electricity.
   rN:        It protects you from negative energy.
   Will:      It greatly increases your willpower.
 m - the +8 chain mail of the Cartwright (melded) {+Inv Regen+}
   (You found it on level 4 of the Dungeon)

   +Inv:      It lets you turn invisible.
   Regen:     It increases your rate of health regeneration.
 o - a +0 pair of gloves
 q - a +0 pair of boots (melded)
 t - the +1 Delatra's gloves (melded) {ID++}
   (You found it on level 4 of the Dungeon)

   It heals its wearer when they drink unknown potions.
   It restores its wearer's MP when they read unknown scrolls.
 T - a +1 pair of gloves of dexterity
Jewellery
 b - a +4 ring of protection
 n - the ring "Forget-Me-Not" (right branch) {rElec rF+ rC- Str+4}
   (You found it on level 4 of the Dungeon)

   [ring of protection from fire]

   Str:       It affects your strength (+4).
   rF:        It protects you from fire.
   rC:        It makes you vulnerable to cold.
   rElec:     It insulates you from electricity.
 y - a ring of wizardry
 A - a ring of willpower
 M - a +6 ring of strength (left branch)
 Q - an amulet of faith
Wands
 e - a wand of acid (10)
 h - a wand of paralysis (6)
 r - a wand of flame (8) (quivered)
 v - a wand of polymorph (19)
 L - a wand of iceblast (8)
Scrolls
 i - 4 scrolls of teleportation
 k - a scroll of brand weapon
 l - 3 scrolls of identify
 u - a scroll of summoning
 w - a scroll of enchant weapon
 x - 3 scrolls of fear
 B - a scroll of blinking
 D - 2 scrolls of holy word
 G - a scroll of enchant armour
 P - a scroll of silence {unknown}
Potions
 d - a potion of brilliance
 g - 3 potions of haste
 p - 2 potions of curing
 s - a potion of heal wounds
 z - 2 potions of ambrosia
 C - a potion of mutation
 E - 2 potions of might
 F - a potion of magic


   Skills:
 * Level 9.2 Fighting
 * Level 8.1 Polearms
 + Level 2.2 Throwing
 * Level 8.8 Armour
 * Level 7.2 Dodging
 + Level 9.2 Invocations
 + Level 7.3 Evocations


You had 11 spell levels left.
You didn't know any spells.
Your spell library contained the following spells:

 Spells                   Type           Power      Damage    Failure   Level
 Magic Dart               Conj           0%         1d3       36%         1
 Slow                     Hex            0%         N/A       36%         1
 Call Imp                 Summ           0%         N/A       50%         2
 Corpse Rot               Necr/Air       0%         N/A       50%         2
 Sublimation of Blood     Necr           0%         N/A       50%         2
 Wereblood                Tmut           0%         N/A       50%         2
 Confusing Touch          Hex            0%         N/A       75%         3
 Dazzling Flash           Conj/Hex       0%         N/A       75%         3
 Mephitic Cloud           Conj/Pois/Air  0%         N/A       75%         3
 Vampiric Draining        Necr           0%         2d6       75%         3
 Dispel Undead            Necr           0%         3d6       98%         4
 Passage of Golubria      Tloc           0%         N/A       98%         4
 Agony                    Necr           0%         N/A       100%        5
 Silence                  Hex/Air        0%         N/A       100%        5
 Death Channel            Necr           0%         N/A       100%        6
 Summon Hydra             Summ           0%         N/A       100%        7
 Lehudib's Crystal Spear  Conj/Erth      0%         10d2      100%        8


Dungeon Overview and Level Annotations

Branches:
Dungeon (11/15)            Temple (0/1) D:6            Lair (0/6) D:10
Ossuary (visited)
    Orc: D:9-12

Altars:
Dithmenos
Fedhas
Makhleb
Zin
Beogh

Shops:
D:1 :   D:6 :


Innate Abilities, Weirdness & Mutations

You are a tree.
Your roots penetrate the ground, keeping you stationary.
You cannot be teleported.
You are immune to unholy pain and torment.
Your maximum health is greatly increased.
Your equipment is partially melded.
You cannot be hasted, slowed, berserked, paralysed or teleported.
You can dig through walls and to a lower floor.
((You have a pair of large antennae on your head. (SInv)))
Your four strong arms can wield two-handed weapons with a shield.
((You are resistant to electric shocks. (rElec)))
You expend magic power (3 MP) to strengthen your wands.


Message History

You feel attractive to monsters.
The death knight hits you with a +0 battleaxe!
* * * LOW HITPOINT WARNING * * *
The kobold demonologist looks braver for a moment.
The boulder beetle is attracted toward you.
This branch contains the abyssal rune of Zot.
Beware, you cannot shaft yourself on this level.
Found a corrupted altar of Lugonu.
A blink frog comes into view.
The blink frog is attracted toward you. The blink frog is attracted toward you.
You puncture the blink frog! You burn the blink frog.
The blink frog is heavily wounded.
Your transformation is almost over.
A blink frog comes into view.
The blink frog hits you.
* * * LOW HITPOINT WARNING * * *
The blink frog blinks!
The blink frog moves out of view.
The blink frog is attracted toward you. x2
Reach: N) +4 halberd (flame)
Press: ? - help, Dir - move target, f - blink frog
Aim: a blink frog (heavily wounded, about 55% to evade your +4 halberd of flaming)
You reach to attack!
You miss the blink frog.
The blink frog is heavily wounded.
The blink frog croaks.
You hear a loud, deep croak!
It was a potion of flight.
Your roots keep you in place.
The blink frog blinks!
The blink frog hits you but does no damage. x2
The blink frog is attracted toward you.
You closely miss the blink frog.
The blink frog is heavily wounded.
The blink frog blinks!
The blink frog is attracted toward you. x2
Press: ? - help, v - describe, . - travel
Here: a blink frog (translocational energy)
The floor, spattered with blood.
You barely miss the blink frog.
The blink frog hits you but does no damage. x2
You miss the blink frog.
A blink frog comes into view.
The blink frog hits you!
You die...

.#... ...+
. #..._
#..#.
......#..#.
....#...
...#..#
#....#
#...# #♣.#
#FF......
#........
#§.......
#........
F........
.........
..§......


You could see 3 blink frogs.

Vanquished Creatures
  The ghost of raistware the Destroyer, a journeyman HuCj of Vehumet (D:10)
  Harold (D:9)
  2 two-headed ogres
  A cyclops (D:10)
  Maggie (D:6)
  A komodo dragon (D:10)
  A hornet (D:10)
  24 yaks
  2 shadows
  A wyvern (D:9)
  A steam dragon (D:8)
  Edmund (D:5)
  A water moccasin (D:8)
  3 ice beasts (D:6)
  A black bear (D:5)
  5 orc warriors
  4 ogres
  2 centaurs
  A phantom (D:6)
  2 kobold brigands (D:10)
  4 bullfrogs
  2 gnoll sergeants
  A scorpion (D:7)
  3 necrophages
  14 wights
  5 killer bees (D:9)
  2 howler monkeys
  4 hounds
  2 human zombies (Ossuary)
  A jelly (D:7)
  5 orc priests
  A gnoll shaman (D:5)
  6 iguanas
  9 orc wizards
  5 mummies
  16 gnolls
  5 adders
  2 white imps (D:7)
  6 worms
  A dart slug (D:5)
  37 orcs
  4 bats
  9 endoplasms
  4 giant cockroaches
  4 goblins
  8 hobgoblins
  2 quokkas
  6 ball pythons
  A frilled lizard (D:1)
  A goblin zombie (D:6)
  2 hobgoblin zombies (Ossuary)
  17 kobolds
  A kobold zombie (Ossuary)
  4 orc zombies
  8 rats
258 creatures vanquished.

Vanquished Creatures (others)
  An orc warrior (D:10)
1 creature vanquished.

Grand Total: 259 creatures vanquished

Notes
Turn   | Place    | Note
-------+----------+-------------------------------------------
     0 | Abyss:1  | Dabor the Formicid Abyssal Knight began the quest for the
                  | Orb.
     0 | Abyss:1  | Reached XP level 1. HP: 18/18 MP: 2/2
    48 | Abyss:1  | Noticed a chaos spawn
    53 | Abyss:1  | Noticed a large abomination
    54 | D:1      | Escaped the Abyss
   109 | D:1      | Found Nedghesei's Book Shoppe.
   162 | D:1      | Reached skill level 1 in Dodging
   198 | D:1      | Reached XP level 2. HP: 20/24 MP: 3/3
   562 | D:1      | Reached ** piety under Lugonu
   911 | D:1      | Reached XP level 3. HP: 29/29 MP: 4/4
  1040 | D:2      | Found a faded altar of an unknown god.
  1643 | D:3      | Found a burning altar of Makhleb.
  1742 | D:3      | Reached XP level 4. HP: 33/36 MP: 6/6
  2350 | D:3      | Reached *** piety under Lugonu
  2712 | D:4      | Reached XP level 5. HP: 30/42 MP: 7/7
  2954 | D:4      | Noticed an ogre
  2976 | D:4      | Killed an ogre
  2977 | D:4      | Reached XP level 6. HP: 13/48 MP: 8/8
  3755 | D:4      | Identified the +8 chain mail of the Cartwright {+Inv
                  | Regen+}
  3997 | D:4      | Identified the ring "Forget-Me-Not" {rElec rF+ rC- Str+4}
  4062 | D:4      | Noticed an orc warrior
  4063 | D:4      | Found the +1 Delatra's gloves {ID++}
  4096 | D:4      | Killed an orc warrior
  4097 | D:4      | Reached XP level 7. HP: 47/55 MP: 10/10
  4114 | D:4      | Reached skill level 1 in Evocations
  4390 | D:5      | Entered Level 5 of the Dungeon
  4504 | D:5      | Reached **** piety under Lugonu
  4587 | D:5      | Reached skill level 5 in Fighting
  4623 | D:5      | Reached XP level 8. HP: 61/62 MP: 11/11
  4875 | D:5      | Reached skill level 5 in Invocations
  5120 | D:5      | Noticed Edmund
  5136 | D:5      | Killed Edmund
  5345 | D:6      | Found Ylulem's Self-Improvement Boutique.
  5424 | D:6      | Found a sand-covered staircase.
  5441 | Ossuary  | Entered an ossuary
  5462 | Ossuary  | Reached skill level 5 in Armour
  5686 | D:6      | Noticed Maggie
  5705 | D:6      | Killed Maggie
  5706 | D:6      | Reached XP level 9. HP: 49/69 MP: 13/13
  5745 | D:6      | Reached skill level 5 in Polearms
  5994 | D:6      | Found a staircase to the Ecumenical Temple.
  6616 | D:7      | Found a glowing silver altar of Zin.
  6631 | D:7      | Reached ***** piety under Lugonu
  6676 | D:7      | Reached XP level 10. HP: 77/77 MP: 15/15
  6719 | D:7      | Reached skill level 5 in Dodging
  7049 | D:7      | Reached skill level 5 in Evocations
  7204 | D:8      | Noticed a two-headed ogre
  7215 | D:8      | Killed a two-headed ogre
  7320 | D:8      | Found a glowing silver altar of Zin.
  7666 | D:8      | Reached XP level 11. HP: 79/86 MP: 17/17
  8409 | D:9      | Noticed Harold
  8422 | D:9      | Killed Harold
  8477 | D:9      | Found a blossoming altar of Fedhas.
  8477 | D:9      | Found a shadowy altar of Dithmenos.
  8656 | D:10     | Entered Level 10 of the Dungeon
  8850 | D:10     | Noticed a two-headed ogre
  9048 | D:10     | Noticed a cyclops
  9054 | D:10     | Killed a cyclops
  9055 | D:10     | Reached skill level 1 in Throwing
  9112 | D:10     | Killed a two-headed ogre
  9115 | D:10     | Found a staircase to the Lair.
  9290 | D:10     | Found a runed translucent gate.
  9291 | D:10     | Found a runed translucent gate.
  9291 | D:10     | Found a runed translucent gate.
  9294 | D:10     | Noticed raistware's ghost (journeyman HuCj)
  9295 | D:10     | Identified the +4 chain mail of Teyregia {rElec rF- rN+
                  | Will+++}
  9323 | D:10     | Killed raistware's ghost
  9324 | D:10     | Reached XP level 12. HP: 86/95 MP: 18/18
  9557 | D:11     | Noticed a boulder beetle
  9558 | D:11     | Noticed a death knight
  9569 | D:11     | Noticed a four-headed hydra
  9591 | D:11     | Gained mutation: You expend magic power (3 MP) to
                  | strengthen your wands. [potion of mutation]
  9591 | D:11     | Gained mutation: You are resistant to electric shocks.
                  | (rElec) [potion of mutation]
  9614 | Abyss:1  | Slain by a blink frog

Illustrated notes

Levels and vault maps discovered:
D:1:      spicycebolla_arrival_xxxplode, layout_basic, serial_shops,
          nicolae_shop_advertising_works [nicolae_subvault_shop_adworks]
D:2:      layout_rooms, hellmonk_ecumenical_altar_blasted
D:3:      layout_basic, amcnicky_altar_gilded
D:4:      layout_loops_ring, st_stairs_10, pf_guarded_unrand_delatra
D:5:      layout_gridville, uniq_edmund
D:6:      layout_cave_pods, minmay_temple_entry_proselytizer,
          nicolae_ossuary_entry_giza, minmay_misc_feat_rows,
          nicolae_shop_self_help, uniq_maggie
D:7:      layout_basic, minmay_ruined_shrine
D:8:      layout_cave_pods, mainiacjoe_overflow_cross_hatched
D:9:      layout_long_grid, gammafunk_temple_overflow_statue, uniq_harold
D:10:     layout_big_octagon, biasface_ghost_orc_armoury,
          minmay_misc_feat_rugged
D:11:     minmay_the_grid_3x3 [minmay_the_grid_box_x, minmay_the_grid_square_x,
          minmay_the_grid_expand, minmay_the_grid_rooms,
          minmay_the_grid_small_cups, minmay_the_grid_slots,
          minmay_the_grid_empty, minmay_the_grid_paths,
          minmay_the_grid_prize_big_room], layout_irregular_city, uniq_josephine
Abyss:1:  base: Temple, base: Temple, base:
D:3

Skill      XL: |  1  2  3  4  5  6  7  8  9 10 11 12 |
---------------+-------------------------------------+-----
Dodging        | 1 2 3 4 5 7 |  7.2
Invocations    | 3 4 5 6 8 9 |  9.2
Armour         | 3 4 5 6 7 8 |  8.8
Fighting       | 4 5 6 7 9 |  9.2
Polearms       | 3 4 5 6 7 8 |  8.1
Evocations     | 1 3 4 6 7 |  7.3
Throwing       | 1 2 |  2.2

Action                   |  1- 3 |  4- 6 |  7- 9 | 10-12 || total
-------------------------+-------+-------+-------+-------++-------
Melee: Mace              |    89 |   166 |   139 |       ||   394
       Punch             |     1 |     2 |     6 |     3 ||    12
       Spear             |       |       |   326 |    65 ||   391
       Halberd           |       |       |       |   270 ||   270
Invok: Depart the Abyss  |     1 |       |       |       ||     1
       Bend Space        |       |       |       |     1 ||     1
       Enter the Abyss   |       |       |       |     1 ||     1
Evoke: Wand              |       |       |       |    21 ||    21
  Use: Scroll            |     2 |     3 |     2 |    10 ||    17
       Potion            |       |     5 |       |     6 ||    11
 Stab: Paralysed         |       |       |     8 |       ||     8
Armor: Scale mail        |    43 |   107 |       |       ||   150
       Leather armour    |     2 |       |       |       ||     2
       Chain mail        |       |    36 |   319 |   191 ||   546
       Skin              |       |       |       |     5 ||     5
Dodge: Dodged            |    67 |   130 |   203 |   185 ||   585

Table legend: (Time is in decaauts)
 A = Elapsed time spent in this place.
 B = Non-inter-level travel time spent in this place.
 C = Inter-level travel time spent in this place.
 D = Time resting spent in this place.
 E = Time spent auto-exploring this place.
 F = Levels seen in this place.
 G = Mean time per level.
                   A        B        C        D        E       F      G
               +--------+--------+--------+--------+--------+-----+--------+
         Total |   9748 |   9408 |    340 |   1038 |   5662 |  14 |  696.3 |
       Dungeon |   9461 |   9121 |    340 |   1038 |   5630 |  11 |  860.1 |
         Abyss |     75 |     75 |      0 |      0 |     32 |   2 |   37.5 |
       Ossuary |    211 |    211 |      0 |      0 |      0 |   1 |  211.0 |
               +--------+--------+--------+--------+--------+-----+--------+

Top non-repeatable levels by time:
     D:3: 1699 daAuts
     D:4: 1163 daAuts
     D:6: 1002 daAuts
     D:1: 998 daAuts
     D:5: 966 daAuts
    D:10: 894 daAuts
     D:8: 887 daAuts
     D:2: 608 daAuts
     D:7: 597 daAuts
     D:9: 582 daAuts
 Ossuary: 211 daAuts
 Abyss:1: 75 daAuts
    D:11: 61 daAuts
